 Dungeon Crawl Stone Soup version 0.23.2-33-g5129a83184 (webtiles) character file.

Game seed: 15398537851707558915

57 MalarOregon the Digger (level 4, -2/37 HPs)
             Began as a Ghoul Earth Elementalist on July 15, 2019.
             Slain by a goblin (4 damage)
             ... on level 2 of the Dungeon.
             The game lasted 00:02:48 (1434 turns).

MalarOregon the Digger (Ghoul Earth Elementalist)   Turns: 1434, Time: 00:02:48

Health: -2/37      AC:  3    Str: 11    XL:     4   Next: 0%
Magic:  0/5        EV: 12    Int: 11    God:
Gold:   101        SH:  0    Dex:  9    Spells: 5/6 levels left

rFire    . . .     SeeInvis .   (no weapon)
rCold    + . .     Gourm    .   (no shield)
rNeg     + + +     Faith    .   c - +0 robe
rPois    ∞         Spirit   .   (no helmet)
rElec    .         Reflect  .   (no cloak)
rCorr    .         Harm     .   (no gloves)
MR       .....                  d - +0 pair of boots (curse)
Stlth    ++........             (no amulet)
HPRegen  0.00/turn              (no ring)
MPRegen  0.09/turn              (no ring)

@: rotting
A: rotting body, claws 1, carnivore, cold resistance 1, negative energy
resistance 3, inhibited regeneration, torment resistance, unbreathing
a: no special abilities


You were on level 2 of the Dungeon.
You were not hungry.

You visited 1 branch of the dungeon, and saw 2 of its levels.

You collected 101 gold pieces.

Inventory:

Missiles
 b - 59 stones (quivered)
Armour
 c - a +0 robe (worn)
 d - a cursed +0 pair of boots (worn)
   (You found it on level 1 of the Dungeon)
Scrolls
 a - a scroll of teleportation {unknown}
 f - a scroll of fog {unknown}
 i - 2 scrolls of remove curse {unknown}
 j - a scroll of enchant armour {unknown}
Potions
 g - a potion of curing {unknown}
 k - a potion of berserk rage {unknown}
 l - a potion of heal wounds {unknown}
Comestibles
 e - 2 rations {!d}


   Skills:
 + Level 2.5 Fighting
 + Level 2.9 Dodging
 - Level 2.1 Stealth
 - Level 1.7 Spellcasting
   Level 0.8 Transmutations
 - Level 3.2 Earth Magic


You had 5 spell levels left.
You knew the following spells:

 Your Spells              Type           Power        Failure   Level  Hunger
a - Sandblast             Erth           #.....       8%          1    ##.....

Your spell library contained the following spells:

 Spells                   Type           Power        Failure   Level  Hunger
 Passwall                 Tmut/Erth      #.......     19%         2    ###....
 Stone Arrow              Conj/Erth      #.....       41%         3    ####...
 Petrify                  Tmut/Erth      #.......     77%         4    #####..
 Lee's Rapid Deconstruct  Erth           #.........   91%         5    ######.


Dungeon Overview and Level Annotations

Branches:
Dungeon (2/15)

Altars:


Innate Abilities, Weirdness & Mutations

Your body is rotting away.
You thrive on raw meat.
You are immune to poison.
You have sharp fingernails.
You are carnivorous and can eat meat at any time.
Your flesh is cold resistant. (rC+)
You are immune to negative energy. (rN+++)
You do not regenerate when monsters are visible.
You are immune to unholy pain and torment.
You can survive without breathing.


Message History

The goblin hits you.
* * * LOW HITPOINT WARNING * * *
The frilled lizard bites you but does no damage.
The goblin throws a tomahawk.
The tomahawk hits you.
* * * LOW HITPOINT WARNING * * *
You see here a tomahawk.
You see here 26 sling bullets.
The goblin throws a tomahawk.
The tomahawk misses you.
The goblin throws a tomahawk.
The tomahawk hits you.
* * * LOW HITPOINT WARNING * * *
You see here a tomahawk.
You barely miss the frilled lizard. The frilled lizard misses you.
You barely miss the frilled lizard. The frilled lizard bites you.
* * * LOW HITPOINT WARNING * * *
You barely miss the frilled lizard. The frilled lizard closely misses you.
You closely miss the frilled lizard. The frilled lizard bites you.
* * * LOW HITPOINT WARNING * * *
You barely miss the frilled lizard. The frilled lizard barely misses you.
You miss the frilled lizard.
The frilled lizard completely misses you.
You miss the frilled lizard.
The frilled lizard bites you but does no damage.
You closely miss the frilled lizard. The frilled lizard closely misses you.
You scratch the frilled lizard.
You kill the frilled lizard!
You have reached level 4!
The goblin throws a tomahawk.
The tomahawk hits you but does no damage.
Aim: a goblin, wearing a +0 plate armour The blast of sand hits the goblin but does no damage.
b - 60 stones The goblin throws a tomahawk.
The tomahawk barely misses you.
You start resting.
The goblin is too close now for your liking.
You closely miss the goblin. The goblin misses you.
Here: a goblin, wearing a +0 plate armour A tomahawk.
The floor.
You barely miss the goblin. The goblin closely misses you.
You barely miss the goblin. The goblin barely misses you.
You barely miss the goblin. The goblin closely misses you.
Aim: a goblin, wearing a +0 plate armour The blast of sand hits the goblin but does no damage.
b - 59 stones The goblin hits you.
* * * LOW HITPOINT WARNING * * *
You closely miss the goblin. The goblin closely misses you.
You scratch the goblin but do no damage.
The goblin hits you.
You die...

..... ...... ......
#....# ...... #..#.#
.....## # ....# #
......# #. #.#.##.###
#'##.# #.##........#
##.##.# #(...(.#
...##.# ###(##g####
#..##.# #÷..(#@.#
#...#.# #..##g#....#
......#####..#..###..#
......##.##(##....#..#
#..####.#......⌠(....#
...####...#(#..?.##.##
..........#.###..# #
...####.......#.##
##.# ####.....#.


You could see a goblin.

Vanquished Creatures
  An adder (D:2)
  An ooze (D:1)
  An adder skeleton (D:2)
  2 worms (D:2)
  A dart slug (D:2)
  11 bats
  2 giant cockroaches (D:2)
  2 hobgoblins (D:1)
  4 jackals (D:1)
  4 kobolds
  2 frilled lizards
  5 rats (D:1)
36 creatures vanquished.

Notes
Turn   | Place    | Note
-------+----------+-------------------------------------------
     0 | D:1      | MalarOregon the Ghoul Earth Elementalist began the quest
                  | for the Orb.
     0 | D:1      | Reached XP level 1. HP: 14/14 MP: 2/2
   113 | D:1      | Reached skill level 1 in Fighting
   123 | D:1      | Reached XP level 2. HP: 8/23 MP: 3/3
   185 | D:1      | HP: 1/23 [jackal (2)]
   528 | D:1      | Reached XP level 3. HP: 17/29 MP: 4/4
  1424 | D:2      | Reached XP level 4. HP: 4/37 MP: 1/5
  1434 | D:2      | Slain by a goblin

Skill      XL: |  1  2  3 |
---------------+----------+-----
Dodging        | 2 |  2.9
Fighting       | 1 2 |  2.5
Stealth        | |  2.1
Spellcasting   | |  1.7
Transmutations | |  0.8
Earth Magic    | |  3.2

Action                   |  1- 3 |  4- 6 || total
-------------------------+-------+-------++-------
Melee: Unarmed           |   208 |     6 ||   214
 Cast: Sandblast         |    20 |     2 ||    22
 Stab: Sleeping          |     4 |       ||     4
  Eat: Ration            |     1 |       ||     1
       Chunk             |    13 |       ||    13
Armor: Robe              |    95 |       ||    95
Dodge: Dodged            |   225 |     6 ||   231
